 Dungeon Crawl Stone Soup version 0.29-a0-909-g30c7767f5c (webtiles) character file.

Game seed: 17245743330859418997

1360 NoKap the Shield-Bearer (level 8, 0/67 HPs)
             Began as a Gnoll Fighter on July 25, 2022.
             Succumbed to a water moccasin's poison
             ... on level 6 of the Dungeon.
             The game lasted 00:17:44 (5999 turns).

NoKap the Shield-Bearer (Gnoll Fighter)             Turns: 5999, Time: 00:17:44

Health: 0/67       AC:  9    Str: 23    XL:     8   Next: 64%
Magic:  13/13      EV: 11    Int:  9    God:
Gold:   345        SH:  6    Dex: 17    Spells: 14/14 levels left

rFire   . . .      SeeInvis .   q - +2 whip (elec)
rCold   . . .      Faith    .   c - +0 buckler
rNeg    . . .      Spirit   .   b - +0 scale mail
rPois   .          Reflect  .   s - +0 helmet
rElec   .          Harm     .   A - scarf {repulsion}
rCorr   .          Rampage  .   (no gloves)
Will    .....                   (no boots)
Stlth   +.........              h - amulet of the acrobat
HPRegen 0.21/turn               B - +6 ring of strength
MPRegen 0.13/turn               w - +6 ring of dexterity

@: lethally poisoned (0 -> -23), repel missiles
A: fangs 1, strong nose, distributed training
a: no special abilities


You were on level 6 of the Dungeon.
You visited 1 branch of the dungeon, and saw 6 of its levels.

You collected 345 gold pieces.

Inventory:

Hand Weapons
 a - a +0 war axe
 q - a +2 whip of electrocution (weapon)
Missiles
 e - 53 stones
 j - 6 curare-tipped darts
 n - 5 boomerangs (quivered)
 I - 2 throwing nets {!f}
 J - 8 poisoned darts
Armour
 b - a +0 scale mail (worn)
 c - a +0 buckler (worn)
 s - a +0 helmet (worn)
 A - a scarf of repulsion (worn)
Magical Staves
 m - a staff of earth
Jewellery
 g - a ring of wizardry
 h - an amulet of the acrobat (around neck)
 w - a +6 ring of dexterity (right hand)
 B - a +6 ring of strength (left hand)
 H - a ring of protection from fire
Scrolls
 k - a scroll of fear
 o - 2 scrolls of enchant armour {unknown}
 p - a scroll of summoning {unknown}
 x - 5 scrolls of immolation
 y - a scroll of poison {unknown}
 z - a scroll of teleportation {unknown}
 C - a scroll of brand weapon {unknown}
 F - 2 scrolls of amnesia {unknown}
Potions
 d - 4 potions of might
 f - 2 potions of invisibility
 i - a potion of cancellation {unknown}
 l - 5 potions of curing {unknown}
 t - a potion of magic {unknown}
 u - a potion of berserk rage {unknown}
 v - a potion of ambrosia {unknown}
 D - a potion of flight {unknown}
Miscellaneous
 G - a lightning rod (4/4)


   Skills:
 + Level 7.5 Fighting
 + Level 3.6 Short Blades
 + Level 3.6 Long Blades
 + Level 5.9 Axes
 + Level 3.6 Maces & Flails
 + Level 3.6 Polearms
 + Level 3.6 Staves
 + Level 3.6 Ranged Weapons
 + Level 3.6 Throwing
 + Level 7.5 Armour
 + Level 3.6 Dodging
 + Level 3.6 Stealth
 + Level 7.5 Shields
 + Level 3.6 Unarmed Combat
 + Level 3.6 Spellcasting
 + Level 2.9 Conjurations
 + Level 2.9 Hexes
 + Level 2.9 Summonings
 + Level 2.9 Necromancy
 + Level 2.9 Translocations
 + Level 2.9 Transmutations
 + Level 2.9 Fire Magic
 + Level 2.9 Ice Magic
 + Level 2.9 Air Magic
 + Level 2.9 Earth Magic
 + Level 2.9 Poison Magic
 + Level 4.0 Invocations
 + Level 3.6 Evocations


You had 14 spell levels left.
You didn't know any spells.
Your spell library contained the following spells:

 Spells                   Type           Power      Damage    Failure   Level
 Magic Dart               Conj           24%        1d4       24%         1
 Searing Ray              Conj           12%        2d4       36%         2
 Fulminant Prism          Conj/Hex       3%         3d6       94%         4


Dungeon Overview and Level Annotations

Branches:
Dungeon (6/15)
 Temple: D:4-7

Altars:


Innate Abilities, Weirdness & Mutations

You have very sharp teeth.
Your uncanny sense of smell can sniff out nearby items.
Your experience applies equally to all skills.


Message History

You are more poisoned.
The water moccasin poisons you! The water moccasin barely misses you.
You miss the water moccasin.
You bite the water moccasin, but do no damage.
The water moccasin is severely wounded.
You feel very sick. The water moccasin barely misses you.
You closely miss the water moccasin.
The water moccasin is severely wounded.
You feel very sick. The water moccasin bites you.
You hit the water moccasin.
The water moccasin is severely wounded.
You feel very sick. The water moccasin bites you.
You are more poisoned.
The water moccasin poisons you!
You are too injured to fight recklessly!
You are too injured to fight recklessly!
You hit the water moccasin.
The water moccasin is almost dead.
You feel very sick. The water moccasin bites you.
You are lethally poisoned!
The water moccasin poisons you!
You barely miss the water moccasin.
The water moccasin is severely wounded.
* * * LOW HITPOINT WARNING * * *
You feel extremely sick.
The water moccasin bites you but does no damage.
The water moccasin closely misses you.
You barely miss the water moccasin.
The water moccasin is severely wounded.
* * * LOW HITPOINT WARNING * * *
You feel very sick. The water moccasin bites you.
* * * LOW HITPOINT WARNING * * *
You hit the water moccasin but do no damage.
The water moccasin is severely wounded.
You die...

#.. #.# #.#
#######.# #.....#.#
#.....#.# #.....#S#
#.....#@# #.....#.#
######..†..#.####.#.
........<...........
..........##.##.#.##
#########..#.# #
##.#.# #.#.## #....#


You could see a water moccasin.

Vanquished Creatures
  A black bear (D:3)
  3 ogres (D:4)
  4 scorpions
  A crimson imp (D:5)
  2 hounds
  2 jellies (D:4)
  An orc priest (D:3)
  A gnoll bouda (D:5)
  5 iguanas
  17 gnolls
  13 adders
  2 white imps (D:5)
  An ufetubus (D:4)
  2 worms
  18 orcs
  2 ball pythons
  10 endoplasms
  A giant cockroach (D:1)
  11 goblins
  11 hobgoblins
  7 jackals
  13 kobolds
  3 quokkas
  11 bats
  4 frilled lizards
  8 rats
154 creatures vanquished.

Notes
Turn   | Place    | Note
-------+----------+-------------------------------------------
     0 | D:1      | NoKap the Gnoll Fighter began the quest for the Orb.
     0 | D:1      | Reached XP level 1. HP: 23/23 MP: 1/1
   168 | D:1      | Reached XP level 2. HP: 29/29 MP: 2/2
   453 | D:1      | Reached XP level 3. HP: 33/35 MP: 3/3
   712 | D:1      | Reached skill level 1 in Invocations
   713 | D:1      | Reached skill level 1 in Short Blades
   713 | D:1      | Reached skill level 1 in Long Blades
   713 | D:1      | Reached skill level 1 in Maces & Flails
   713 | D:1      | Reached skill level 1 in Polearms
   713 | D:1      | Reached skill level 1 in Staves
   713 | D:1      | Reached skill level 1 in Ranged Weapons
   713 | D:1      | Reached skill level 1 in Throwing
   713 | D:1      | Reached skill level 1 in Dodging
   713 | D:1      | Reached skill level 1 in Stealth
   713 | D:1      | Reached skill level 1 in Unarmed Combat
   713 | D:1      | Reached skill level 1 in Spellcasting
   713 | D:1      | Reached skill level 1 in Evocations
   852 | D:2      | Reached XP level 4. HP: 29/41 MP: 5/5
  1074 | D:2      | Reached skill level 1 in Conjurations
  1074 | D:2      | Reached skill level 1 in Hexes
  1074 | D:2      | Reached skill level 1 in Summonings
  1074 | D:2      | Reached skill level 1 in Necromancy
  1074 | D:2      | Reached skill level 1 in Translocations
  1074 | D:2      | Reached skill level 1 in Transmutations
  1074 | D:2      | Reached skill level 1 in Fire Magic
  1074 | D:2      | Reached skill level 1 in Ice Magic
  1074 | D:2      | Reached skill level 1 in Air Magic
  1074 | D:2      | Reached skill level 1 in Earth Magic
  1074 | D:2      | Reached skill level 1 in Poison Magic
  1235 | D:2      | Reached XP level 5. HP: 44/47 MP: 5/7
  1369 | D:2      | Found a faded altar of an unknown god.
  2105 | D:3      | Noticed a black bear
  2123 | D:3      | Killed a black bear
  2124 | D:3      | Reached skill level 5 in Axes
  2124 | D:3      | Reached XP level 6. HP: 41/53 MP: 7/9
  3184 | D:4      | Reached XP level 7. HP: 9/59 MP: 10/10
  4462 | D:5      | Entered Level 5 of the Dungeon
  4477 | D:4      | Reached XP level 8. HP: 65/67 MP: 12/12
  5999 | D:6      | Succumbed to a water moccasin's poison

Illustrated notes

Levels and vault maps discovered:
D:1:      roderic_crossed_star, layout_basic
D:2:      layout_basic, hellmonk_ecumenical_altar_arch_garden,
          minmay_indecisive_spiral
D:3:      kennysheep_big_flooded_room, layout_loops_ring, minmay_cut_off
D:4:      minmay_razor_zed, layout_rooms, amcnicky_mini_rare_corridor_liquid
D:5:      layout_loops_ring, minivault_5, kennysheep_minor_cross,
          minmay_fountain_box, corner_web_ring, minmay_fire_ice_demons
D:6:      layout_basic, minmay_temple_entry_slanted, hangedman_minor_gate_pass,
          uniq_sigmund

Skill      XL: |  1  2  3  4  5  6  7  8 |
---------------+-------------------------+-----
Invocations    | 1 2 3 4 |  4.0
Short Blades   | 1 2 3 |  3.6
Long Blades    | 1 2 3 |  3.6
Maces & Flails | 1 2 3 |  3.6
Polearms       | 1 2 3 |  3.6
Staves         | 1 2 3 |  3.6
Ranged Weapons | 1 2 3 |  3.6
Throwing       | 1 2 3 |  3.6
Dodging        | 1 2 3 |  3.6
Stealth        | 1 2 3 |  3.6
Unarmed Combat | 1 2 3 |  3.6
Spellcasting   | 1 2 3 |  3.6
Evocations     | 1 2 3 |  3.6
Conjurations   | 1 2 |  2.9
Hexes          | 1 2 |  2.9
Summonings     | 1 2 |  2.9
Necromancy     | 1 2 |  2.9
Translocations | 1 2 |  2.9
Transmutations | 1 2 |  2.9
Fire Magic     | 1 2 |  2.9
Ice Magic      | 1 2 |  2.9
Air Magic      | 1 2 |  2.9
Earth Magic    | 1 2 |  2.9
Poison Magic   | 1 2 |  2.9
Axes           | 5 |  5.9
Fighting       | 7 |  7.5
Armour         | 7 |  7.5
Shields        | 7 |  7.5

Action                   |  1- 3 |  4- 6 |  7- 9 || total
-------------------------+-------+-------+-------++-------
Melee: War axe           |    65 |    39 |       ||   104
       Bite              |     7 |    20 |    31 ||    58
       Whip              |       |   171 |   222 ||   393
Throw: Boomerang         |       |     9 |    13 ||    22
  Use: Scroll            |       |     1 |     3 ||     4
Armor: Scale mail        |    57 |    76 |    53 ||   186
Dodge: Dodged            |    40 |    91 |   118 ||   249
       Repelled          |       |       |     2 ||     2
Block: Buckler           |    30 |    56 |    75 ||   161

Table legend: (Time is in decaauts)
 A = Elapsed time spent in this place.
 B = Non-inter-level travel time spent in this place.
 C = Inter-level travel time spent in this place.
 D = Time resting spent in this place.
 E = Time spent auto-exploring this place.
 F = Levels seen in this place.
 G = Mean time per level.
                   A        B        C        D        E       F      G
               +--------+--------+--------+--------+--------+-----+--------+
         Total |   6041 |   5895 |    146 |    359 |   4110 |   6 | 1006.8 |
       Dungeon |   6041 |   5895 |    146 |    359 |   4110 |   6 | 1006.8 |
               +--------+--------+--------+--------+--------+-----+--------+

Top non-repeatable levels by time:
     D:4: 1470 daAuts
     D:5: 1364 daAuts
     D:3: 1343 daAuts
     D:2: 936 daAuts
     D:1: 865 daAuts
     D:6: 60 daAuts
